 BcadrenCrawl: Boulder Brew version 0.03.2.1-23-gebaf79d81a (webtiles) character file.

Game seed: 14577885780940590047, levelgen mode: deterministic

40 Mesmaeker13 the Firebug (level 3, -3/21 HPs) Octopode Fire Elementalist. Began on Jan 2, 2021. Slain by a sewer rat (4 damage) ... on level 2 of the Dungeon. The game lasted 00:02:52 (487 turns).

Mesmaeker13 the Firebug (Octopode Fire Elementalist) Turns: 487, Time: 00:02:52

Health: -3/21      AC:  1    Str:  7    XL:     3 ^: 24
Magic:  1/7        EV:  7    Int: 18    God:
Gold:   0          SH:  0    Dex: 12    Spells: 7/8 levels left

rFire    . . .     Vision   .   a - +0 short sword
rCold    . . .     Gourm    .   (no weapon)
rNeg     . . .     Faith    .   (helmet restricted)
rPois    .         Spirit   .   (no amulet)
rElec    .         Reflect  .   (no ring)
rCorr    .         Harm     .   (no ring)
MR       .....                  (no ring)
Stlth    +++.......             (no ring)
HPRegen  0.17/turn              (no ring)
MPRegen  0.17/turn              (no ring)
                                (no ring)
                                (no ring)

@: very slightly contaminated
A: almost no armour, stealthy swim, amphibious, 8 rings, constrict 8, camouflage
1, gelatinous body 1
a: no special abilities


You were on level 2 of the Dungeon.
You were not hungry.

You visited 1 branch of the dungeon, and saw 2 of its levels.

Inventory:

Weapons
 a - a +0 short sword (weapon)
 c - a +0 spear
Scrolls
 f - a scroll of torment
Potions
 e - a potion of agility
Comestibles
 b - a ration


   Skills:
 + Level 3.0 Dodging
 - Level 2.6 Stealth
 + Level 3.1 Spellcasting
 + Level 3.9 Fire Magic


You had 7 spell levels left.
You knew the following spells:

 Your Spells              Type           Power        Failure   Level  Hunger
a - Foxfire               Fire           16 (25)      3%          1    None

Your spell library contained the following spells:

 Spells                   Type           Power        Failure   Level  Hunger
 Searing Ray              Fire           16 (50)      4%          2    ##.....
 Conjure Flame            Fire           16 (100)     10%         3    ###....
 Inner Flame              Hex/Fire       9 (100)      22%         3    ###....
 Sticky Flame             Fire/Pois      9 (100)      56%         4    ####...
 Fireball                 Fire           16 (200)     65%         5    ######.


Dungeon Overview and Level Annotations

Branches:
Dungeon (2/8)

Altars:
Trog


Innate Abilities, Weirdness & Mutations

You cannot wear most types of armour.
You are very stealthy in the water. (Stealth+)
You are amphibious.
You can wear up to six rings at the same time.
You can use your tentacles to constrict six enemies at once.
Your skin changes colour to match your surroundings (Stealth+).
Your rubbery body absorbs attacks. (AC +1, EV +1)


Message History

The foxfire hits the sewer rat (1).
The sewer rat is lightly wounded. (9/10) HP Unknown command.
Casting: Foxfire (safe; 3% risk of failure)
Confirm with . or Enter, or press ? or * to list all spells.
You conjure some foxfire!
The sewer rat barely misses you (0).
Unknown command.
Unknown command.
You barely miss the sewer rat. x2; The foxfire hits the sewer rat (2).
The sewer rat is moderately wounded. (8/10) HP The foxfire hits the sewer rat (3).
The sewer rat is heavily wounded. (5/10) HP The sewer rat bites you (5).
* * * LOW HITPOINT WARNING * * *
You closely miss the sewer rat. You miss the sewer rat.
The sewer rat bites the withered plant but does no damage.
The sewer rat bites you (5).
* * * LOW HITPOINT WARNING * * *
The sewer rat bites you (4).
You die...

#≈.≈≈≈≈≈....≈#.≈.#†.....
#≈≈≈≈≈≈≈....≈.#...#..###
###≈≈≈≈≈≈.....≈#≈..#≈.≈#
#..≈≈≈≈≈≈≈.#≈#.#####≈....≈
##.#≈≈≈≈≈≈≈..##.≈. ...≈≈#≈
#≈.#≈≈≈≈≈≈≈.#..... ######
####≈≈≈≈≈≈≈.#≈≈#.##
#≈≈≈≈;≈≈§.## .. #≈≈≈≈≈r@.#
..# #≈≈≈≈rrrr# #≈≈≈.rrP.#
#.≈≈.≈≈r.# ####...≈P≈≈≈#
##.≈#≈≈≈≈≈≈≈≈#
#..≈#.≈P≈≈≈≈≈#
###≈.≈.≈≈;≈≈≈#
###.≈.≈≈≈≈≈#


You could see 8 submerged sewer rats and 2 neutral submerged slimeheads
(passive).

Vanquished Creatures
  A giant cockroach (D:2)
  2 worms (D:2)
  2 leopard geckos
  A goblin (D:1)
  A hobgoblin (D:1)
  A ball python (D:2)
  5 rats
13 creatures vanquished.

Vanquished Creatures (others)
  A bat (D:2)
  A goblin skeleton (D:2)
  A kobold skeleton (D:2)
  52 foxfires
  44 withered plants (D:2)
99 creatures vanquished.

Grand Total: 112 creatures vanquished

Notes
Turn   | Place    | Note
-------+----------+-------------------------------------------
     0 | D:1      | Mesmaeker13 the Octopode Fire Elementalist began the quest
                  | for the Orb.
     0 | D:1      | Reached XP level 1. HP: 11/11 MP: 3/3
   112 | D:2      | Reached XP level 2. HP: 11/17 MP: 2/5
   142 | D:2      | Reached XP level 3. HP: 20/21 MP: 5/7
   215 | D:2      | Noticed a moth of wrath
   218 | D:2      | Found a bloodstained altar of Trog.
   487 | D:2      | HP: 1/21 [sewer rat (5)]
   487 | D:2      | Slain by a sewer rat

Levels and vault maps discovered:
D:1:      mrwooster_arrival_statue, layout_basic, minmay_octomino_e4
D:2:      layout_sewer, tgw_trog, first_ration, minmay_distorted, uniq_terence

Skill      XL: |  1  2  3 |
---------------+----------+-----
Spellcasting   | 3 |  3.1
Dodging        | 3 |  3.0
Stealth        | |  2.6
Fire Magic     | |  3.9

Action                   || total
-------------------------++-------
Melee: Short sword       ||     4
       Unarmed           ||     3
 Cast: Foxfire           ||    33
  Use: Scroll            ||     2
Dodge: Dodged            ||     4
